Connexion

Rocket vs Moose

Created - 9 novembre 2023 at 05:51

Goals
1 2 3 T
Rocket 2 0 0 2
Moose 1 1 4 6
Shots
1 2 3 T
Rocket 12 7 10 29
Moose 11 15 15 41

GoalsPenalties
1st period
1. Rocket , Kale Clague 8 (Boris Katchouk 11, Philippe Myers 23) at 6:55
2. Rocket , Matt Luff 15 (Vladislav Kamenev 32) at 12:38 (PP)
3. Moose , Jake Virtanen 25 (Fredrik Claesson 20, Pierre Engvall 18) at 16:12
Philippe Myers (LAV) for Roughing (Minor) at 7:44
Cameron Schilling (MAN) for Holding (Minor) at 11:00
Boris Katchouk (LAV) for Holding (Minor) at 19:28
2nd period
4. Moose , Damien Giroux 7 (Jake Virtanen 27, Pierre Engvall 19) at 0:41 (PP)
Philippe Myers (LAV) for Holding (Minor) at 5:13
Matt Luff (LAV) for Hooking (Minor) at 18:52
3rd period
5. Moose , Derrick Pouliot 6 (Tyler Steenbergen 1, Filip Chlapik 11) at 0:50 (PP)
6. Moose , Damien Giroux 8 (Pierre Engvall 20, Fredrik Claesson 21) at 8:03 (PP)
7. Moose , Jake Virtanen 26 (Jordan Martinook 6) at 12:41
8. Moose , Derrick Pouliot 7 (Tyler Steenbergen 2, Filip Chlapik 12) at 13:45
Kale Clague (LAV) for High sticking (Minor) at 6:43
Goalie Stats
James Reimer (LAV), 35 saves from 41 shots - (0,854), L, 9-11-1, 60:00 minutes
Kaden Fulcher (MAN), 27 saves from 29 shots - (0,931), W, 20-11-4, 60:00 minutes
3 StarsOfficial
1 - Jake Virtanen (MAN)
2 - Damien Giroux (MAN)
3 - Derrick Pouliot (MAN)
Referees : Frederick L'Ecuyer and Paul Devorski
Linesman : Mark Wheler and Don Henderson
Game Note
Evan Barratt is injured at 7:00 of 1st period (Broken Ribs)
Finance
Level 1 -- Attendance: 1847 (92,35%) -- Ticket Income 64 645 $
Level 2 -- Attendance: 937 (93,70%) -- Ticket Income 14 055 $
Total Attendance: 2784 (92,80%)
Total Ticket Income: 78 700 $
Other Income: 15 740 $
Total Income: 94 440 $



Team Name Goals Shots Shots Attemp Shots Blocked PIM HIT PP PK FO%
Rocket 229542110191 / 1 (100%)353%
Moose 64110862233 / 5 (60%)147%

Rocket
Player Name POS G A P +/- PIM HIT SHT SB MP PP MP PP SHT PK MP PK SHT FO% FOT
Andrei MironovD000-1021323:400:4713:4000% 0
Boris KatchoukLW0111225018:230:4702:23025% 4
Evan BarrattC/LW000000000:170:0000:0000% 1
Joel L'EsperanceC000-200103:380:0000:00067% 3
Jonah GadjovichLW000-1000117:010:0000:2100% 1
Kale ClagueD101-1222222:550:5103:5300% 0
Luc SnuggerudD0000000012:380:0000:0000% 0
Matt LuffRW1010203016:490:5111:5510% 2
Michael Dal ColleLW0000013220:400:5115:4500% 0
Mitchell StephensC0001001116:560:4700:00041% 22
Nolan StevensC/LW000-1001218:010:0001:21047% 19
Philippe MyersD011-1470228:380:5102:2500% 0
Rinat ValievD000-1011726:480:4705:0600% 0
Sampo RantaLW/RW0001023016:010:4700:0000% 1
Samuel BlaisLW/RW000-1010016:400:0000:0000% 0
Spencer WatsonRW000-200103:550:0000:0000% 0
Vili SaarijarviD000000015:180:0001:5400% 0
Vladislav KamenevC011-2017023:080:5125:13169% 42
Moose
Player Name POS G A P +/- PIM HIT SHT SB MP PP MP PP SHT PK MP PK SHT FO% FOT
Alec RegulaD0000012122:113:5300:5900% 0
Anthony RichardC/LW000000001:580:0000:0000% 0
Cameron SchillingD0001220113:110:0000:0000% 0
Damien GirouxC/LW2021023016:514:1120:00070% 27
Derrick PouliotD2020015122:113:5320:5900% 0
Filip ChlapikC/LW0220003023:024:1800:00029% 28
Fredrik ClaessonD0221042124:374:3620:3900% 0
Jacob NilssonC/LW000000000:100:0000:1000% 0
Jake VirtanenRW2132055026:304:1111:04033% 6
Jordan MartinookC/LW0111003010:270:0000:10050% 14
Nikita ScherbakLW/RW0000002123:264:1800:24050% 2
Pierre EngvallLW/RW0331005025:514:1131:04050% 2
Remi ElieLW0001012010:410:0000:2400% 1
Ryan DmowskiLW000000308:120:0000:0000% 0
Ryan McleodC000001108:120:0000:00058% 12
Thomas Hickey D0001002124:374:3610:3900% 0
Tyler SteenbergenC/LW/RW0220043023:024:1810:0000% 3
Xavier OuelletD0001020013:120:0000:0000% 0



Play-by-Play

1st period


0:01 of 1st period - Damien Giroux wins face-off versus Vladislav Kamenev in neutral zone.
0:05 of 1st period - Thomas Hickey is hit by Michael Dal Colle and loses puck.
0:15 of 1st period - Damien Giroux is hit by Philippe Myers and loses puck.
0:24 of 1st period - Michael Dal Colle is hit by Jake Virtanen and loses puck.
0:31 of 1st period - Shot by Jake Virtanen.
0:31 of 1st period - Shot Misses the Net.
0:33 of 1st period - Shot by Pierre Engvall.
0:33 of 1st period - Shot Misses the Net.
1:36 of 1st period - Shot by Filip Chlapik.
1:36 of 1st period - Stopped by James Reimer without a rebound.
1:37 of 1st period - Jordan Martinook wins face-off versus Nolan Stevens in Rocket zone.
1:39 of 1st period - Remi Elie is hit by Philippe Myers and loses puck.
1:45 of 1st period - Icing by Nolan Stevens.
1:46 of 1st period - Nolan Stevens wins face-off versus Ryan Mcleod in Rocket zone.
2:15 of 1st period - Xavier Ouellet is hit by Samuel Blais and loses puck.
3:31 of 1st period - Off-side.
3:32 of 1st period - Jordan Martinook wins face-off versus Boris Katchouk in neutral zone.
3:57 of 1st period - Shot by Mitchell Stephens.
3:57 of 1st period - Shot Misses the Net.
3:59 of 1st period - Shot by Boris Katchouk.
3:59 of 1st period - Shot Misses the Net.
4:33 of 1st period - Shot by Nikita Scherbak.
4:33 of 1st period - Shot Misses the Net.
4:43 of 1st period - Shot by Tyler Steenbergen.
4:43 of 1st period - Shot Misses the Net.
4:45 of 1st period - Shot by Nikita Scherbak.
4:45 of 1st period - Shot Misses the Net.
4:47 of 1st period - Shot by Tyler Steenbergen.
4:47 of 1st period - Stopped by James Reimer with a rebound.
4:49 of 1st period - Shot by Nikita Scherbak.
4:49 of 1st period - Shot Blocked by Vili Saarijarvi.
4:51 of 1st period - Shot by Nikita Scherbak.
4:51 of 1st period - Shot Misses the Net.
4:53 of 1st period - Shot by Cameron Schilling.
4:53 of 1st period - Shot Misses the Net.
5:29 of 1st period - Shot by Spencer Watson.
5:29 of 1st period - Stopped by Kaden Fulcher without a rebound.
5:30 of 1st period - Damien Giroux wins face-off versus Mitchell Stephens in Moose zone.
5:30 of 1st period - Damien Giroux is hit by Sampo Ranta.
5:50 of 1st period - Shot by Sampo Ranta.
5:50 of 1st period - Stopped by Kaden Fulcher without a rebound.
5:51 of 1st period - Vladislav Kamenev wins face-off versus Jordan Martinook in Moose zone.
6:05 of 1st period - Shot by Alec Regula.
6:05 of 1st period - Stopped by James Reimer without a rebound.
6:06 of 1st period - Filip Chlapik wins face-off versus Mitchell Stephens in Rocket zone.
6:30 of 1st period - Icing by Cameron Schilling.
6:31 of 1st period - Vladislav Kamenev wins face-off versus Filip Chlapik in Moose zone.
6:31 of 1st period - Vladislav Kamenev is hit by Xavier Ouellet.
6:33 of 1st period - Shot by Rinat Valiev.
6:33 of 1st period - Stopped by Kaden Fulcher without a rebound.
6:34 of 1st period - Damien Giroux wins face-off versus Matt Luff in Moose zone.
6:45 of 1st period - Shot by Jake Virtanen.
6:45 of 1st period - Stopped by James Reimer without a rebound.
6:46 of 1st period - Mitchell Stephens wins face-off versus Tyler Steenbergen in Rocket zone.
6:55 of 1st period - Shot by Kale Clague.
6:55 of 1st period - Goal by Kale Clague - Rocket : 1 - Moose : 0.
6:56 of 1st period - Damien Giroux wins face-off versus Evan Barratt in neutral zone.
6:59 of 1st period - Evan Barratt is hit by Damien Giroux and loses puck.
7:00 of 1st period - Evan Barratt from Rocket is injured at 7:00 of 1st period (Broken Ribs).
7:01 of 1st period - Damien Giroux wins face-off versus Matt Luff in Rocket zone.
7:01 of 1st period - Damien Giroux is hit by Philippe Myers.
7:10 of 1st period - Kale Clague is hit by Fredrik Claesson and loses puck.
7:30 of 1st period - Icing by Philippe Myers.
7:31 of 1st period - Vladislav Kamenev wins face-off versus Filip Chlapik in Rocket zone.
7:31 of 1st period - Vladislav Kamenev is hit by Tyler Steenbergen.
7:44 of 1st period - Minor Penalty to Philippe Myers for Roughing.
7:45 of 1st period - Vladislav Kamenev wins face-off versus Damien Giroux in Rocket zone.
7:54 of 1st period - Shot by Pierre Engvall.
7:54 of 1st period - Stopped by James Reimer with a rebound.
8:39 of 1st period - Andrei Mironov is hit by Tyler Steenbergen and loses puck.
8:56 of 1st period - Shot by Derrick Pouliot.
8:56 of 1st period - Shot Blocked by Michael Dal Colle.
8:58 of 1st period - Shot by Derrick Pouliot.
8:58 of 1st period - Stopped by James Reimer without a rebound.
8:59 of 1st period - Boris Katchouk wins face-off versus Filip Chlapik in Rocket zone.
9:31 of 1st period - Icing by Alec Regula.
9:32 of 1st period - Vladislav Kamenev wins face-off versus Filip Chlapik in Moose zone.
9:45 of 1st period - Nolan Stevens is hit by Jake Virtanen and loses puck.
10:46 of 1st period - Pierre Engvall is hit by Boris Katchouk and loses puck.
11:00 of 1st period - Minor Penalty to Cameron Schilling for Holding.
11:01 of 1st period - Vladislav Kamenev wins face-off versus Jake Virtanen in Moose zone.
11:04 of 1st period - Shot by Vladislav Kamenev.
11:04 of 1st period - Stopped by Kaden Fulcher without a rebound.
11:05 of 1st period - Vladislav Kamenev wins face-off versus Jake Virtanen in Moose zone.
11:06 of 1st period - Shot by Matt Luff.
11:06 of 1st period - Deflect By Michael Dal Colle.
11:06 of 1st period - Stopped by Kaden Fulcher without a rebound.
11:07 of 1st period - Vladislav Kamenev wins face-off versus Jake Virtanen in Moose zone.
11:16 of 1st period - Shot by Alec Regula.
11:16 of 1st period - Shot Misses the Net.
11:33 of 1st period - Shot by Michael Dal Colle.
11:33 of 1st period - Shot Misses the Net.
11:35 of 1st period - Shot by Andrei Mironov.
11:35 of 1st period - Stopped by Kaden Fulcher without a rebound.
11:36 of 1st period - Jake Virtanen wins face-off versus Sampo Ranta in Moose zone.
12:36 of 1st period - Shot by Vladislav Kamenev.
12:36 of 1st period - Stopped by Kaden Fulcher without a rebound.
12:37 of 1st period - Vladislav Kamenev wins face-off versus Nikita Scherbak in Moose zone.
12:38 of 1st period - Shot by Matt Luff.
12:38 of 1st period - Goal by Matt Luff - Rocket : 2 - Moose : 0.
12:39 of 1st period - Vladislav Kamenev wins face-off versus Filip Chlapik in neutral zone.
12:53 of 1st period - Icing by Xavier Ouellet.
12:54 of 1st period - Nolan Stevens wins face-off versus Filip Chlapik in Moose zone.
13:52 of 1st period - Shot by Jake Virtanen.
13:52 of 1st period - Stopped by James Reimer with a rebound.
13:55 of 1st period - Icing by Rinat Valiev.
13:56 of 1st period - Vladislav Kamenev wins face-off versus Jordan Martinook in Rocket zone.
14:15 of 1st period - Shot by Jake Virtanen.
14:15 of 1st period - Shot Misses the Net.
14:17 of 1st period - Shot by Derrick Pouliot.
14:17 of 1st period - Stopped by James Reimer without a rebound.
14:18 of 1st period - Mitchell Stephens wins face-off versus Ryan Mcleod in Rocket zone.
14:34 of 1st period - Shot by Luc Snuggerud.
14:34 of 1st period - Shot Misses the Net.
14:55 of 1st period - Icing by Philippe Myers.
14:56 of 1st period - Mitchell Stephens wins face-off versus Filip Chlapik in Rocket zone.
15:19 of 1st period - Icing by Derrick Pouliot.
15:20 of 1st period - Vladislav Kamenev wins face-off versus Filip Chlapik in Moose zone.
15:33 of 1st period - Shot by Matt Luff.
15:33 of 1st period - Stopped by Kaden Fulcher without a rebound.
15:34 of 1st period - Nolan Stevens wins face-off versus Damien Giroux in Moose zone.
15:43 of 1st period - Shot by Nolan Stevens.
15:43 of 1st period - Shot Misses the Net.
16:12 of 1st period - Shot by Jake Virtanen.
16:12 of 1st period - Goal by Jake Virtanen - Rocket : 2 - Moose : 1.
16:13 of 1st period - Filip Chlapik wins face-off versus Vladislav Kamenev in neutral zone.
16:15 of 1st period - Nikita Scherbak is hit by Philippe Myers and loses puck.
17:07 of 1st period - Icing by Mitchell Stephens.
17:08 of 1st period - Damien Giroux wins face-off versus Mitchell Stephens in Rocket zone.
17:08 of 1st period - Thomas Hickey is hit by Andrei Mironov.
17:24 of 1st period - Thomas Hickey is hit by Boris Katchouk and loses puck.
18:16 of 1st period - Shot by Remi Elie.
18:16 of 1st period - Shot Blocked by Nolan Stevens.
18:20 of 1st period - Shot by Anthony Richard.
18:20 of 1st period - Shot Misses the Net.
18:22 of 1st period - Shot by Jordan Martinook.
18:22 of 1st period - Shot Misses the Net.
18:24 of 1st period - Shot by Jordan Martinook.
18:24 of 1st period - Shot Misses the Net.
18:26 of 1st period - Shot by Jordan Martinook.
18:26 of 1st period - Stopped by James Reimer with a rebound.
18:28 of 1st period - Shot by Jordan Martinook.
18:28 of 1st period - Stopped by James Reimer with a rebound.
18:54 of 1st period - Nikita Scherbak is hit by Vladislav Kamenev and loses puck.
19:09 of 1st period - Shot by Matt Luff.
19:09 of 1st period - Deflect By Michael Dal Colle.
19:09 of 1st period - Stopped by Kaden Fulcher without a rebound.
19:10 of 1st period - Mitchell Stephens wins face-off versus Ryan Mcleod in Moose zone.
19:28 of 1st period - Minor Penalty to Boris Katchouk for Holding.
19:29 of 1st period - Vladislav Kamenev wins face-off versus Damien Giroux in Rocket zone.
19:40 of 1st period - Shot by Vladislav Kamenev.
19:40 of 1st period - Stopped by Kaden Fulcher with a rebound.
19:46 of 1st period - Kale Clague is hit by Jake Virtanen and loses puck.
Goals for this period are 2 for Rocket vs 1 for Moose.
Shots for this period are 12 for Rocket vs 11 for Moose.

2nd period


0:01 of 2nd period - Damien Giroux wins face-off versus Vladislav Kamenev in neutral zone.
0:19 of 2nd period - Shot by Jake Virtanen.
0:19 of 2nd period - Stopped by James Reimer with a rebound.
0:21 of 2nd period - Shot by Damien Giroux.
0:21 of 2nd period - Shot Misses the Net.
0:23 of 2nd period - Shot by Fredrik Claesson.
0:23 of 2nd period - Stopped by James Reimer without a rebound.
0:24 of 2nd period - Vladislav Kamenev wins face-off versus Filip Chlapik in Rocket zone.
0:24 of 2nd period - Vladislav Kamenev is hit by Tyler Steenbergen.
0:33 of 2nd period - Off-side.
0:34 of 2nd period - Damien Giroux wins face-off versus Vladislav Kamenev in neutral zone.
0:41 of 2nd period - Shot by Damien Giroux.
0:41 of 2nd period - Goal by Damien Giroux - Rocket : 2 - Moose : 2.
0:42 of 2nd period - Mitchell Stephens wins face-off versus Damien Giroux in neutral zone.
0:52 of 2nd period - Icing by Derrick Pouliot.
0:53 of 2nd period - Nolan Stevens wins face-off versus Jake Virtanen in Moose zone.
1:25 of 2nd period - Pierre Engvall is hit by Philippe Myers and loses puck.
2:24 of 2nd period - Shot by Filip Chlapik.
2:24 of 2nd period - Deflect By Tyler Steenbergen.
2:24 of 2nd period - Shot Misses the Net.
2:37 of 2nd period - Icing by Andrei Mironov.
2:38 of 2nd period - Vladislav Kamenev wins face-off versus Jordan Martinook in Rocket zone.
2:50 of 2nd period - Off-side.
2:51 of 2nd period - Ryan Mcleod wins face-off versus Mitchell Stephens in neutral zone.
3:01 of 2nd period - Shot by Boris Katchouk.
3:01 of 2nd period - Shot Blocked by Cameron Schilling.
3:21 of 2nd period - Shot by Boris Katchouk.
3:21 of 2nd period - Stopped by Kaden Fulcher without a rebound.
3:22 of 2nd period - Joel L'Esperance wins face-off versus Filip Chlapik in Moose zone.
3:30 of 2nd period - Spencer Watson is hit by Fredrik Claesson and loses puck.
3:42 of 2nd period - Shot by Joel L'Esperance.
3:42 of 2nd period - Stopped by Kaden Fulcher with a rebound.
4:26 of 2nd period - Fredrik Claesson is hit by Kale Clague and loses puck.
4:38 of 2nd period - Icing by Philippe Myers.
4:39 of 2nd period - Damien Giroux wins face-off versus Boris Katchouk in Rocket zone.
4:48 of 2nd period - Shot by Jake Virtanen.
4:48 of 2nd period - Shot Misses the Net.
4:50 of 2nd period - Shot by Alec Regula.
4:50 of 2nd period - Stopped by James Reimer with a rebound.
4:52 of 2nd period - Shot by Pierre Engvall.
4:52 of 2nd period - Stopped by James Reimer with a rebound.
4:54 of 2nd period - Shot by Alec Regula.
4:54 of 2nd period - Shot Blocked by Kale Clague.
5:13 of 2nd period - Minor Penalty to Philippe Myers for Holding.
5:14 of 2nd period - Damien Giroux wins face-off versus Vladislav Kamenev in Rocket zone.
6:12 of 2nd period - Shot by Tyler Steenbergen.
6:12 of 2nd period - Stopped by James Reimer without a rebound.
6:13 of 2nd period - Nolan Stevens wins face-off versus Tyler Steenbergen in Rocket zone.
7:25 of 2nd period - Philippe Myers is hit by Jake Virtanen and loses puck.
7:31 of 2nd period - Samuel Blais is hit by Cameron Schilling and loses puck.
7:57 of 2nd period - Icing by Luc Snuggerud.
7:58 of 2nd period - Ryan Mcleod wins face-off versus Nolan Stevens in Rocket zone.
8:08 of 2nd period - Icing by Samuel Blais.
8:09 of 2nd period - Ryan Mcleod wins face-off versus Jonah Gadjovich in Rocket zone.
8:14 of 2nd period - Shot by Ryan Dmowski.
8:14 of 2nd period - Stopped by James Reimer with a rebound.
8:16 of 2nd period - Shot by Derrick Pouliot.
8:16 of 2nd period - Shot Misses the Net.
8:18 of 2nd period - Shot by Ryan Mcleod.
8:18 of 2nd period - Shot Misses the Net.
8:36 of 2nd period - Shot by Ryan Mcleod.
8:36 of 2nd period - Stopped by James Reimer without a rebound.
8:37 of 2nd period - Jordan Martinook wins face-off versus Vladislav Kamenev in Rocket zone.
8:58 of 2nd period - Shot by Jake Virtanen.
8:58 of 2nd period - Shot Misses the Net.
9:00 of 2nd period - Shot by Jordan Martinook.
9:00 of 2nd period - Shot Misses the Net.
9:02 of 2nd period - Shot by Cameron Schilling.
9:02 of 2nd period - Shot Misses the Net.
9:04 of 2nd period - Shot by Xavier Ouellet.
9:04 of 2nd period - Shot Misses the Net.
9:10 of 2nd period - Shot by Jake Virtanen.
9:10 of 2nd period - Shot Blocked by Michael Dal Colle.
9:25 of 2nd period - Icing by Rinat Valiev.
9:26 of 2nd period - Filip Chlapik wins face-off versus Vladislav Kamenev in Rocket zone.
9:51 of 2nd period - Shot by Nikita Scherbak.
9:51 of 2nd period - Stopped by James Reimer without a rebound.
9:52 of 2nd period - Pierre Engvall wins face-off versus Mitchell Stephens in Rocket zone.
10:00 of 2nd period - Shot by Pierre Engvall.
10:00 of 2nd period - Stopped by James Reimer without a rebound.
10:01 of 2nd period - Ryan Mcleod wins face-off versus Mitchell Stephens in Rocket zone.
10:07 of 2nd period - Icing by Philippe Myers.
10:08 of 2nd period - Damien Giroux wins face-off versus Mitchell Stephens in Rocket zone.
10:29 of 2nd period - Shot by Mitchell Stephens.
10:29 of 2nd period - Shot Misses the Net.
10:37 of 2nd period - Shot by Boris Katchouk.
10:37 of 2nd period - Stopped by Kaden Fulcher with a rebound.
10:39 of 2nd period - Shot by Sampo Ranta.
10:39 of 2nd period - Shot Blocked by Thomas Hickey .
10:41 of 2nd period - Shot by Sampo Ranta.
10:41 of 2nd period - Shot Misses the Net.
10:43 of 2nd period - Shot by Boris Katchouk.
10:43 of 2nd period - Shot Misses the Net.
10:45 of 2nd period - Shot by Boris Katchouk.
10:45 of 2nd period - Shot Blocked by Fredrik Claesson.
10:47 of 2nd period - Shot by Sampo Ranta.
10:47 of 2nd period - Shot Misses the Net.
10:49 of 2nd period - Shot by Boris Katchouk.
10:49 of 2nd period - Stopped by Kaden Fulcher with a rebound.
10:58 of 2nd period - Off-side.
10:59 of 2nd period - Filip Chlapik wins face-off versus Nolan Stevens in neutral zone.
11:01 of 2nd period - Off-side.
11:02 of 2nd period - Vladislav Kamenev wins face-off versus Filip Chlapik in neutral zone.
11:28 of 2nd period - Icing by Rinat Valiev.
11:29 of 2nd period - Jordan Martinook wins face-off versus Vladislav Kamenev in Rocket zone.
11:47 of 2nd period - Off-side.
11:48 of 2nd period - Nikita Scherbak wins face-off versus Boris Katchouk in neutral zone.
11:56 of 2nd period - Kale Clague is hit by Fredrik Claesson and loses puck.
12:11 of 2nd period - Shot by Filip Chlapik.
12:11 of 2nd period - Shot Misses the Net.
12:20 of 2nd period - Mitchell Stephens is hit by Fredrik Claesson and loses puck.
12:27 of 2nd period - Shot by Boris Katchouk.
12:27 of 2nd period - Stopped by Kaden Fulcher without a rebound.
12:28 of 2nd period - Damien Giroux wins face-off versus Nolan Stevens in Moose zone.
12:33 of 2nd period - Shot by Jake Virtanen.
12:33 of 2nd period - Shot Misses the Net.
12:35 of 2nd period - Shot by Pierre Engvall.
12:35 of 2nd period - Shot Misses the Net.
12:43 of 2nd period - Shot by Damien Giroux.
12:43 of 2nd period - Shot Hit the Post.
13:27 of 2nd period - Shot by Filip Chlapik.
13:27 of 2nd period - Stopped by James Reimer without a rebound.
13:28 of 2nd period - Vladislav Kamenev wins face-off versus Jordan Martinook in Rocket zone.
14:04 of 2nd period - Fredrik Claesson is hit by Philippe Myers.
14:52 of 2nd period - Shot by Filip Chlapik.
14:52 of 2nd period - Deflect By Nikita Scherbak.
14:52 of 2nd period - Shot Blocked by Rinat Valiev.
15:13 of 2nd period - Pierre Engvall is hit by Rinat Valiev and loses puck.
15:21 of 2nd period - Mitchell Stephens is hit by Alec Regula and loses puck.
15:29 of 2nd period - Off-side.
15:30 of 2nd period - Nolan Stevens wins face-off versus Damien Giroux in neutral zone.
15:49 of 2nd period - Shot by Nolan Stevens.
15:49 of 2nd period - Stopped by Kaden Fulcher without a rebound.
15:50 of 2nd period - Joel L'Esperance wins face-off versus Filip Chlapik in Moose zone.
16:01 of 2nd period - Derrick Pouliot is hit by Philippe Myers and loses puck.
16:12 of 2nd period - Shot by Nikita Scherbak.
16:12 of 2nd period - Shot Misses the Net.
16:14 of 2nd period - Shot by Filip Chlapik.
16:14 of 2nd period - Stopped by James Reimer without a rebound.
16:15 of 2nd period - Ryan Mcleod wins face-off versus Nolan Stevens in Rocket zone.
16:22 of 2nd period - Shot by Pierre Engvall.
16:22 of 2nd period - Shot Misses the Net.
16:24 of 2nd period - Shot by Ryan Dmowski.
16:24 of 2nd period - Stopped by James Reimer without a rebound.
16:25 of 2nd period - Mitchell Stephens wins face-off versus Remi Elie in Rocket zone.
16:27 of 2nd period - Icing by Boris Katchouk.
16:28 of 2nd period - Mitchell Stephens wins face-off versus Filip Chlapik in Rocket zone.
17:23 of 2nd period - Shot by Vladislav Kamenev.
17:23 of 2nd period - Stopped by Kaden Fulcher without a rebound.
17:24 of 2nd period - Nolan Stevens wins face-off versus Damien Giroux in Moose zone.
18:20 of 2nd period - Icing by Xavier Ouellet.
18:21 of 2nd period - Vladislav Kamenev wins face-off versus Jordan Martinook in Moose zone.
18:27 of 2nd period - Icing by Cameron Schilling.
18:28 of 2nd period - Vladislav Kamenev wins face-off versus Jordan Martinook in Moose zone.
18:28 of 2nd period - Vladislav Kamenev is hit by Cameron Schilling.
18:52 of 2nd period - Minor Penalty to Matt Luff for Hooking.
18:53 of 2nd period - Vladislav Kamenev wins face-off versus Filip Chlapik in Rocket zone.
19:08 of 2nd period - Shot by Filip Chlapik.
19:08 of 2nd period - Shot Misses the Net.
19:10 of 2nd period - Shot by Filip Chlapik.
19:10 of 2nd period - Shot Hit the Post.
19:12 of 2nd period - Shot by Fredrik Claesson.
19:12 of 2nd period - Stopped by James Reimer without a rebound.
19:13 of 2nd period - Damien Giroux wins face-off versus Nolan Stevens in Rocket zone.
19:28 of 2nd period - Shot by Pierre Engvall.
19:28 of 2nd period - Stopped by James Reimer without a rebound.
19:29 of 2nd period - Vladislav Kamenev wins face-off versus Filip Chlapik in Rocket zone.
Goals for this period are 0 for Rocket vs 1 for Moose.
Shots for this period are 7 for Rocket vs 15 for Moose.

3rd period


0:01 of 3rd period - Vladislav Kamenev wins face-off versus Damien Giroux in neutral zone.
0:21 of 3rd period - Shot by Damien Giroux.
0:21 of 3rd period - Shot Misses the Net.
0:23 of 3rd period - Shot by Pierre Engvall.
0:23 of 3rd period - Shot Misses the Net.
0:27 of 3rd period - Shot by Jake Virtanen.
0:27 of 3rd period - Shot Blocked by Rinat Valiev.
0:29 of 3rd period - Shot by Pierre Engvall.
0:29 of 3rd period - Stopped by James Reimer without a rebound.
0:30 of 3rd period - Vladislav Kamenev wins face-off versus Filip Chlapik in Rocket zone.
0:34 of 3rd period - Off-side.
0:35 of 3rd period - Vladislav Kamenev wins face-off versus Filip Chlapik in neutral zone.
0:48 of 3rd period - Shot by Tyler Steenbergen.
0:48 of 3rd period - Shot Misses the Net.
0:50 of 3rd period - Shot by Derrick Pouliot.
0:50 of 3rd period - Goal by Derrick Pouliot - Rocket : 2 - Moose : 3.
0:51 of 3rd period - Jake Virtanen wins face-off versus Mitchell Stephens in neutral zone.
0:54 of 3rd period - Sampo Ranta is hit by Damien Giroux and loses puck.
0:59 of 3rd period - Shot by Damien Giroux.
0:59 of 3rd period - Shot Blocked by Rinat Valiev.
1:17 of 3rd period - Shot by Jake Virtanen.
1:17 of 3rd period - Shot Misses the Net.
1:19 of 3rd period - Shot by Damien Giroux.
1:19 of 3rd period - Shot Blocked by Rinat Valiev.
1:21 of 3rd period - Shot by Fredrik Claesson.
1:21 of 3rd period - Shot Misses the Net.
1:23 of 3rd period - Shot by Thomas Hickey .
1:23 of 3rd period - Shot Misses the Net.
1:25 of 3rd period - Shot by Jake Virtanen.
1:25 of 3rd period - Shot Blocked by Rinat Valiev.
1:27 of 3rd period - Shot by Thomas Hickey .
1:27 of 3rd period - Stopped by James Reimer without a rebound.
1:28 of 3rd period - Nolan Stevens wins face-off versus Filip Chlapik in Rocket zone.
1:30 of 3rd period - Icing by Jonah Gadjovich.
1:31 of 3rd period - Nolan Stevens wins face-off versus Tyler Steenbergen in Rocket zone.
1:31 of 3rd period - Nolan Stevens is hit by Tyler Steenbergen.
1:46 of 3rd period - Shot by Samuel Blais.
1:46 of 3rd period - Deflect By Nolan Stevens.
1:46 of 3rd period - Shot Misses the Net.
1:48 of 3rd period - Shot by Nolan Stevens.
1:48 of 3rd period - Shot Misses the Net.
1:50 of 3rd period - Shot by Philippe Myers.
1:50 of 3rd period - Shot Blocked by Nikita Scherbak.
1:54 of 3rd period - Shot by Samuel Blais.
1:54 of 3rd period - Shot Misses the Net.
2:08 of 3rd period - Shot by Derrick Pouliot.
2:08 of 3rd period - Shot Misses the Net.
3:45 of 3rd period - Icing by Fredrik Claesson.
3:46 of 3rd period - Damien Giroux wins face-off versus Nolan Stevens in Moose zone.
4:40 of 3rd period - Shot by Remi Elie.
4:40 of 3rd period - Deflect By Anthony Richard.
4:40 of 3rd period - Shot Blocked by Jonah Gadjovich.
4:42 of 3rd period - Shot by Jordan Martinook.
4:42 of 3rd period - Stopped by James Reimer without a rebound.
4:43 of 3rd period - Vladislav Kamenev wins face-off versus Ryan Mcleod in Rocket zone.
4:43 of 3rd period - Vladislav Kamenev is hit by Ryan Mcleod.
4:58 of 3rd period - Shot by Vladislav Kamenev.
4:58 of 3rd period - Stopped by Kaden Fulcher without a rebound.
4:59 of 3rd period - Mitchell Stephens wins face-off versus Jordan Martinook in Moose zone.
4:59 of 3rd period - Mitchell Stephens is hit by Xavier Ouellet.
5:10 of 3rd period - Shot by Boris Katchouk.
5:10 of 3rd period - Shot Misses the Net.
5:12 of 3rd period - Shot by Sampo Ranta.
5:12 of 3rd period - Stopped by Kaden Fulcher without a rebound.
5:13 of 3rd period - Filip Chlapik wins face-off versus Vladislav Kamenev in Moose zone.
5:39 of 3rd period - Shot by Filip Chlapik.
5:39 of 3rd period - Deflect By Nikita Scherbak.
5:39 of 3rd period - Stopped by James Reimer without a rebound.
5:40 of 3rd period - Ryan Mcleod wins face-off versus Mitchell Stephens in Rocket zone.
5:45 of 3rd period - Shot by Ryan Dmowski.
5:45 of 3rd period - Stopped by James Reimer without a rebound.
5:46 of 3rd period - Damien Giroux wins face-off versus Mitchell Stephens in Rocket zone.
6:07 of 3rd period - Shot by Sampo Ranta.
6:07 of 3rd period - Shot Misses the Net.
6:09 of 3rd period - Shot by Mitchell Stephens.
6:09 of 3rd period - Shot Misses the Net.
6:11 of 3rd period - Shot by Mitchell Stephens.
6:11 of 3rd period - Shot Misses the Net.
6:13 of 3rd period - Shot by Boris Katchouk.
6:13 of 3rd period - Shot Misses the Net.
6:15 of 3rd period - Shot by Mitchell Stephens.
6:15 of 3rd period - Deflect By Sampo Ranta.
6:15 of 3rd period - Stopped by Kaden Fulcher without a rebound.
6:16 of 3rd period - Filip Chlapik wins face-off versus Vladislav Kamenev in Moose zone.
6:20 of 3rd period - Alec Regula is hit by Kale Clague and loses puck.
6:41 of 3rd period - Shot by Filip Chlapik.
6:41 of 3rd period - Shot Blocked by Kale Clague.
6:43 of 3rd period - Shot by Derrick Pouliot.
6:43 of 3rd period - Stopped by James Reimer without a rebound.
6:43 of 3rd period - Minor Penalty to Kale Clague for High sticking.
6:44 of 3rd period - Vladislav Kamenev wins face-off versus Pierre Engvall in Rocket zone.
7:04 of 3rd period - Shot by Thomas Hickey .
7:04 of 3rd period - Stopped by James Reimer without a rebound.
7:05 of 3rd period - Filip Chlapik wins face-off versus Vladislav Kamenev in Rocket zone.
7:12 of 3rd period - Shot by Nikita Scherbak.
7:12 of 3rd period - Deflect By Filip Chlapik.
7:12 of 3rd period - Shot Misses the Net.
7:26 of 3rd period - Shot by Tyler Steenbergen.
7:26 of 3rd period - Shot Misses the Net.
7:34 of 3rd period - Shot by Matt Luff.
7:34 of 3rd period - Stopped by Kaden Fulcher without a rebound.
7:35 of 3rd period - Damien Giroux wins face-off versus Vladislav Kamenev in Moose zone.
7:39 of 3rd period - Off-side.
7:40 of 3rd period - Vladislav Kamenev wins face-off versus Damien Giroux in neutral zone.
8:01 of 3rd period - Shot by Damien Giroux.
8:01 of 3rd period - Shot Blocked by Philippe Myers.
8:03 of 3rd period - Shot by Pierre Engvall.
8:03 of 3rd period - Deflect By Damien Giroux.
8:03 of 3rd period - Goal by Damien Giroux - Rocket : 2 - Moose : 4.
8:04 of 3rd period - Filip Chlapik wins face-off versus Mitchell Stephens in neutral zone.
8:35 of 3rd period - Shot by Boris Katchouk.
8:35 of 3rd period - Shot Blocked by Derrick Pouliot.
8:37 of 3rd period - Shot by Boris Katchouk.
8:37 of 3rd period - Stopped by Kaden Fulcher without a rebound.
8:38 of 3rd period - Damien Giroux wins face-off versus Nolan Stevens in Moose zone.
9:06 of 3rd period - Shot by Jake Virtanen.
9:06 of 3rd period - Shot Blocked by Andrei Mironov.
9:08 of 3rd period - Shot by Jake Virtanen.
9:08 of 3rd period - Shot Blocked by Andrei Mironov.
9:10 of 3rd period - Shot by Damien Giroux.
9:10 of 3rd period - Stopped by James Reimer with a rebound.
9:12 of 3rd period - Shot by Pierre Engvall.
9:12 of 3rd period - Shot Misses the Net.
9:41 of 3rd period - Tyler Steenbergen is hit by Andrei Mironov and loses puck.
9:46 of 3rd period - Shot by Tyler Steenbergen.
9:46 of 3rd period - Shot Blocked by Rinat Valiev.
9:48 of 3rd period - Shot by Xavier Ouellet.
9:48 of 3rd period - Shot Blocked by Andrei Mironov.
10:11 of 3rd period - Jonah Gadjovich is hit by Derrick Pouliot and loses puck.
10:47 of 3rd period - Icing by Nolan Stevens.
10:48 of 3rd period - Ryan Mcleod wins face-off versus Nolan Stevens in Rocket zone.
11:27 of 3rd period - Shot by Vladislav Kamenev.
11:27 of 3rd period - Stopped by Kaden Fulcher with a rebound.
11:41 of 3rd period - Shot by Vladislav Kamenev.
11:41 of 3rd period - Stopped by Kaden Fulcher with a rebound.
12:11 of 3rd period - Alec Regula is hit by Sampo Ranta.
12:39 of 3rd period - Shot by Tyler Steenbergen.
12:39 of 3rd period - Stopped by James Reimer without a rebound.
12:40 of 3rd period - Jordan Martinook wins face-off versus Joel L'Esperance in Rocket zone.
12:41 of 3rd period - Shot by Jake Virtanen.
12:41 of 3rd period - Goal by Jake Virtanen - Rocket : 2 - Moose : 5.
12:42 of 3rd period - Jordan Martinook wins face-off versus Vladislav Kamenev in neutral zone.
12:47 of 3rd period - Shot by Jake Virtanen.
12:47 of 3rd period - Shot Misses the Net.
13:10 of 3rd period - Shot by Kale Clague.
13:10 of 3rd period - Stopped by Kaden Fulcher with a rebound.
13:37 of 3rd period - Shot by Tyler Steenbergen.
13:37 of 3rd period - Shot Misses the Net.
13:39 of 3rd period - Shot by Nikita Scherbak.
13:39 of 3rd period - Deflect By Filip Chlapik.
13:39 of 3rd period - Shot Misses the Net.
13:43 of 3rd period - Shot by Tyler Steenbergen.
13:43 of 3rd period - Shot Misses the Net.
13:45 of 3rd period - Shot by Derrick Pouliot.
13:45 of 3rd period - Goal by Derrick Pouliot - Rocket : 2 - Moose : 6.
13:46 of 3rd period - Damien Giroux wins face-off versus Mitchell Stephens in neutral zone.
13:49 of 3rd period - Sampo Ranta is hit by Jake Virtanen and loses puck.
14:02 of 3rd period - Shot by Mitchell Stephens.
14:02 of 3rd period - Shot Misses the Net.
14:12 of 3rd period - Shot by Mitchell Stephens.
14:12 of 3rd period - Stopped by Kaden Fulcher without a rebound.
14:13 of 3rd period - Mitchell Stephens wins face-off versus Filip Chlapik in Moose zone.
16:22 of 3rd period - Shot by Jake Virtanen.
16:22 of 3rd period - Shot Misses the Net.
17:05 of 3rd period - Off-side.
17:06 of 3rd period - Damien Giroux wins face-off versus Nolan Stevens in neutral zone.
17:13 of 3rd period - Shot by Damien Giroux.
17:13 of 3rd period - Shot Misses the Net.
17:15 of 3rd period - Shot by Damien Giroux.
17:15 of 3rd period - Shot Misses the Net.
17:17 of 3rd period - Shot by Jake Virtanen.
17:17 of 3rd period - Shot Blocked by Philippe Myers.
17:19 of 3rd period - Shot by Jake Virtanen.
17:19 of 3rd period - Shot Blocked by Nolan Stevens.
18:30 of 3rd period - Icing by Tyler Steenbergen.
18:31 of 3rd period - Vladislav Kamenev wins face-off versus Filip Chlapik in Moose zone.
18:36 of 3rd period - Shot by Vladislav Kamenev.
18:36 of 3rd period - Shot Misses the Net.
18:38 of 3rd period - Shot by Rinat Valiev.
18:38 of 3rd period - Shot Blocked by Alec Regula.
18:40 of 3rd period - Shot by Michael Dal Colle.
18:40 of 3rd period - Stopped by Kaden Fulcher without a rebound.
18:41 of 3rd period - Vladislav Kamenev wins face-off versus Ryan Mcleod in Moose zone.
19:38 of 3rd period - Shot by Jake Virtanen.
19:38 of 3rd period - Deflect By Remi Elie.
19:38 of 3rd period - Stopped by James Reimer without a rebound.
19:39 of 3rd period - Jordan Martinook wins face-off versus Mitchell Stephens in Rocket zone.
19:50 of 3rd period - Rinat Valiev is hit by Remi Elie and loses puck.
19:55 of 3rd period - Shot by Jake Virtanen.
19:55 of 3rd period - Shot Blocked by Mitchell Stephens.
19:57 of 3rd period - Shot by Jake Virtanen.
19:57 of 3rd period - Shot Blocked by Rinat Valiev.
19:59 of 3rd period - Shot by Remi Elie.
19:59 of 3rd period - Stopped by James Reimer with a rebound.
Goals for this period are 0 for Rocket vs 4 for Moose.
Shots for this period are 10 for Rocket vs 15 for Moose.